 Dungeon Crawl Stone Soup version 0.17-a0-1397-g0eee0a3 (webtiles) character file.

115598 comborobin the Devastator (level 15, 126/126 HPs)
             Began as a Demigod Conjurer on June 17, 2015.
             Quit the game on level 14 of the Dungeon.
             The game lasted 02:28:24 (53670 turns).

comborobin the Devastator (Demigod Conjurer)       Turns: 53670, Time: 02:28:24

Health: 126/126    AC: 19    Str: 11    XL:     15   Next: 71%
Magic:  42/42      EV: 18    Int: 29    God:
Gold:   2507       SH:  0    Dex: 16    Spells: 9 memorised, 7 levels left

rFire  . . .     SeeInvis .     b - staff of conjuration {!a}
rCold  . . .     Clarity  .     x - +4 swamp dragon armour {rPois}
rNeg   . . .     SustAt   +     (no shield)
rPois  +         Gourm    +     q - +2 helmet
rElec  .         Spirit   .     u - +1 cloak
rCorr  .         Warding  .     H - +2 pair of gloves
rMut   .         Stasis   .     (no boots)
MR     +....                    r - amulet of the gourmand
Stlth  ++........               g - ring of wizardry {Wiz+}
                                N - ring of magical power {MP+9}

@: somewhat resistant to hostile enchantments, unstealthy
A: high mp 1, sustain attributes
a: no special abilities


You were on level 14 of the Dungeon.
You were very full.

You visited 3 branches of the dungeon, and saw 27 of its levels.
You also visited: Ice Cave.

You collected 3596 gold pieces.
You spent 1089 gold pieces at shops.

Inventory:

Hand weapons
 a - the +11 trident "Bouti" {flame, +Blink rElec SInv}
   (You found it on level 7 of the Dungeon)

   It has been specially enchanted to burn those struck by it, causing extra
   injury to most foes and up to half again as much damage against particularly
   susceptible opponents.
   It insulates you from electricity.
   It lets you see invisible.
   It lets you blink.
 I - a +1 blowgun
Missiles
 G - 30 poisoned needles
Armour
 q - a +2 helmet (worn)
 u - a +1 cloak (worn)
 x - a +4 swamp dragon armour (worn) {rPois}
 H - a +2 pair of gloves (worn)
Magical staves
 b - an uncursed staff of conjuration (weapon) {!a}
Jewellery
 g - a ring of wizardry (right hand) {Wiz+}
 n - an uncursed amulet of resist corrosion
 r - an amulet of the gourmand (around neck)
 s - an uncursed ring of flight
 B - an uncursed ring of stealth {Stlth+}
 C - an uncursed amulet of resist mutation
 D - an uncursed ring of see invisible
 J - the ring "Vyosos" {Ice Str+5}
   (You found it on level 10 of the Dungeon)

   [ring of ice]

   It enhances your ice magic, and weakens your fire magic.
   It affects your strength (+5).
   It makes you vulnerable to fire.
   It protects you from cold.
 N - a ring of magical power (left hand) {MP+9}
 R - the ring of Sotopoc {+Inv +Fly rPois rF- Dex+3}
   (You found it on level 8 of the Dungeon)

   [ring of poison resistance]

   It affects your dexterity (+3).
   It makes you vulnerable to fire.
   It protects you from poison.
   It lets you turn invisible.
   It lets you fly.
Magical devices
 k - a wand of disintegration (15)
 m - a wand of digging (9)
 p - a wand of digging (10)
 y - a wand of cold (10)
 E - a wand of paralysis (15)
Scrolls
 e - 13 scrolls of remove curse
 j - 2 scrolls of amnesia
 A - 4 scrolls of teleportation
 K - 2 scrolls of fear
 L - 3 scrolls of fog
 M - 3 scrolls of blinking {!r}
 O - 2 scrolls of magic mapping {!r}
 P - 4 scrolls of recharging
 Q - 2 scrolls of immolation {!r}
 S - 4 scrolls of identify
 U - 4 scrolls of enchant weapon
 V - a scroll of silence
Potions
 d - 4 potions of heal wounds
 f - 10 potions of curing
 h - 8 potions of agility
 i - 3 potions of might
 o - 3 potions of invisibility
 t - 4 potions of brilliance
 w - 4 potions of haste
 z - 4 potions of resistance
 F - 2 potions of cure mutation {!q}
 Z - a potion of flight
Miscellaneous
 l - a phantom mirror
 v - a phial of floods
 X - a fan of gales
Comestibles
 c - 17 bread rations
 T - a beef jerky
 W - a meat ration


   Skills:
 - Level 10.0 Fighting
 - Level 12.4 Dodging
 - Level 3.5 Stealth
 + Level 9.8 Spellcasting
 + Level 15.1 Conjurations
 - Level 8.8 Charms
 - Level 9.0 Poison Magic


You had 7 spell levels left.
You knew the following spells:

 Your Spells              Type           Power        Failure   Level  Hunger
a - Magic Dart            Conj           ####         1%          1    None
d - Dazzling Spray        Conj/Hex       ######..     1%          3    None
e - Iskenderun's Battles  Conj/Chrm      #######.     1%          5    ###....
f - Poison Arrow          Conj/Pois      #######...   4%          6    #####..
h - Apportation           Tloc           ##........   4%          1    None
m - Repel Missiles        Chrm/Air       #####.       1%          2    None
s - Searing Ray           Conj           ######       1%          2    None
x - Iskenderun's Mystic   Conj           ########     1%          4    None
W - Swiftness             Chrm/Air       #####...     1%          2    None


Dungeon Overview and Level Annotations

Branches:
Dungeon (15/15)            Temple (0/1) D:6            Lair (8/8) D:9
 Shoals (0/4) Lair:6       Spider (0/4) Lair:3        Slime (0/6) Lair:8
    Orc (4/4) D:12            Elf (0/3) Orc:3        Vaults (0/5) D:14
 Depths: D:15

Shops:
D:5 !   D:10 [   D:13 (   Orc:4 !([%

Portals:
Trove: D:14 (give wand of heal wounds (9))

Annotations:
D:2 1 exclusion
D:5 xgamer67's ghost, experienced TrHu
D:13 exclusion: Rupert, Rupert
Lair:1 Stash


Innate Abilities, Weirdness & Mutations

You have an increased reservoir of magic (+10% MP).
Your attributes are resistant to harm.


Message History

You butcher the giant frog corpse.
Y - 5 chunks of flesh (gained 2)
You start resting.
Eating one of 5 chunks of flesh.
This raw flesh tastes great.
You continue eating. x2
MP restored: 42 Some of the chunks of flesh in your inventory have rotted away.
A giant frog comes into view.
Found a scroll of recharging.
Found 15 gold pieces.
A freezing wraith comes into view.
You feel a surge of power!
You conjure a globe of magical energy.
The giant frog croaks.
The giant frog hits your battlesphere.
You now have 37/42 mp.
Aim: a giant frog You feel a surge of power!
The orb of energy hits the giant frog.
You kill the giant frog!
The orb of energy explodes!
Your battlesphere fires!
The barrage of energy hits the freezing wraith.
You now have 33/42 mp.
Aim: a freezing wraith (moderately damaged)
You feel a surge of power!
The orb of energy hits the freezing wraith.
Your battlesphere fires!
The barrage of energy hits the freezing wraith.
You now have 30/42 mp.
Aim: a freezing wraith (severely damaged)
You feel a surge of power!
The orb of energy hits the freezing wraith.
You destroy the freezing wraith!
Your battlesphere fires!
You now have 26/42 mp.
You start resting.
Your battlesphere wavers and loses cohesion.
You regained 13 mp, and now have 39/42 mp.
You start resting.
MP restored: 42
P - 4 scrolls of recharging (gained 1)
You now have 2479 gold pieces (gained 15).
You now have 2494 gold pieces (gained 15).
You now have 2507 gold pieces (gained 13).
All of the chunks of flesh in your inventory have rotted away.
Found a stone staircase leading up.
There is a stone staircase leading up here.
You climb upwards.
There is a stone staircase leading down here.
Search for what [Enter for "armour && ego", or ? for help]? robe A wizard comes into view.
It is wielding a dagger.
You feel a surge of power!
You conjure a globe of magical energy.
The wizard shouts!
The wizard casts a spell.
The wizard blinks!
You now have 37/42 mp.
You swap places.
You start resting.
You regained 2 mp, and now have 40/42 mp.
Aim: a wizard, wielding a dagger and wearing a robe You feel a surge of power!
The orb of energy hits the wizard.
The orb of energy explodes!
Your battlesphere fires!
The barrage of energy hits the wizard.
The wizard hits you but does no damage.
You now have 36/42 mp.
Aim: a wizard, wielding a dagger and wearing a robe (almost dead)
You feel a surge of power!
The orb of energy hits the wizard.
You kill the wizard!
The orb of energy explodes!
Your battlesphere fires!
You now have 32/42 mp.
Things that are here:
a dagger; a robe
Y - a robe Wear which item? (? for menu, Esc to quit)
You start removing your armour.
You continue taking off your +4 swamp dragon armour {rPois}. x4
You finish taking off your +4 swamp dragon armour {rPois}.
You start putting on your armour.
You continue putting on your robe.
You continue putting on your robe. x4
You finish putting on your +0 robe.
You regained 3 mp, and now have 36/42 mp.
Okay, then.
Remove which piece of jewellery? (? for menu, Esc to quit)
You remove your ring of wizardry {Wiz+}.
Okay, then.
You start resting.
MP restored: 42 Put on which piece of jewellery? (? for menu, Esc to quit)
g - a ring of wizardry (right hand) {Wiz+} Wear which item? (? for menu, Esc to quit)
You start removing your armour.
You continue taking off your +0 robe.
You continue taking off your +0 robe. x2
Your battlesphere wavers and loses cohesion.
You continue taking off your +0 robe.
You finish taking off your +0 robe.
You start putting on your armour.
You continue putting on your +4 swamp dragon armour {rPois}. x5
You finish putting on your +4 swamp dragon armour {rPois}.
You drop a +0 robe.
Okay, then.

####.#......#..#.##.## ##.##
# #.####+####.#.##..# #..# #
#..# #.# #....##.##### ##.##
##.# #.# #....##.....## #..#
#.###'## ##...######..# ##.##
#......####....######'####..#
##
#......'.###...#........###.#
.## #......#................#
#.# ..#
#......#####@....>......# #.#
#.###......# #............#
#.# #...#......#
#.#..........# #..
###.'......#
#...'.......[####. #
###......#
####........(..รท.. #
##+.#### #...####(###... #
#....# #..#8..#...8#.. ###
##).+### #..#...(#...#..
..### #.)...#
###..#...#....#..


There were no monsters in sight!

Vanquished Creatures
  Saint Roka (Orc:4)
  A frost giant (IceCv)
  4 dire elephants (Lair:8)
  4 hydras
  2 catoblepae
  An anaconda (Lair:8)
  5 centaur warriors
  The ghost of Restia the Arsonist, a powerful DEFE of Sif Muna (D:10)
  7 orc high priests (Orc:4)
  10 death yaks
  A deep elf knight (D:14)
  3 unseen horrors
  An ice statue (IceCv)
  5 orc knights
  A wizard (D:14)
  11 ugly things
  3 griffons
  7 hill giants
  The ghost of xgamer67 the Grappler, an experienced VSTm of Okawaru (D:9)
  4 cyclopes
  6 orc sorcerers (Orc:4)
  11 elephants
  4 centaur zombies
  A torpor snail (Lair:8)
  4 centaur skeletons
  11 spiny frogs
  4 yaktaurs (D:14)
  4 black mambas
  3 fire drakes
  A kobold demonologist (D:14)
  5 komodo dragons
  10 trolls
  A deep elf priest (D:14)
  2 freezing wraiths (D:15)
  A queen bee (D:13)
  18 polar bears (IceCv)
  10 blink frogs
  A snapping turtle (Lair:6)
  3 slime creatures (Lair:8)
  4 two-headed ogres
  A boulder beetle (D:15)
  Sigmund (D:5)
  66 yaks
  6 deep elf magi
  5 trapdoor spiders
  A basilisk (Lair:8)
  A mottled dragon (D:15)
  4 vampire mosquitoes (D:15)
  A steam dragon (Lair:2)
  5 wyverns
  4 hungry ghosts
  4 wraiths
  A deep elf fighter (D:14)
  9 hippogriffs
  34 wolves
  A human (D:7)
  9 wargs
  A soldier ant (D:13)
  9 porcupines
  Duvessa (D:6)
  A black bear (shapeshifter) (D:9)
  14 water moccasins
  3 black bears
  A wasp (D:13)
  4 phantoms
  5 sky beasts
  16 ogres
  12 ice beasts
  6 necrophages
  59 orc warriors
  10 crocodiles
  A boggart (D:14)
  23 centaurs
  2 brain worms (D:14)
  A gnoll sergeant (D:10)
  Dowan (D:6)
  7 big kobolds
  8 scorpions
  17 giant frogs
  37 killer bees
  3 electric eels (Lair:1)
  12 wights
  7 crimson imps
  2 giant frog zombies (D:10)
  2 giant frog skeletons
  6 hounds
  37 orc priests
  3 jellies
  3 quasits
  8 iguanas
  6 hell rats (Lair:4)
  13 worker ants
  39 orc wizards
  20 sheep
  A killer bee zombie (D:10)
  3 hound skeletons
  3 worker ant zombies
  3 mummies (D:10)
  Robin (D:3)
  18 gnolls
  82 river rats
  16 adders
  3 shadow imps
  An ooze (D:2)
  An adder skeleton (D:5)
  A worm (D:3)
  8 giant geckos
  344 orcs
  3 ball pythons
  A bat skeleton (D:6)
  5 giant cockroaches
  49 goblins
  50 hobgoblins
  4 quokkas
  A ball python skeleton (D:4)
  17 bats
  A giant gecko skeleton (D:6)
  3 giant newts
  8 jackals
  18 kobolds
  A quokka skeleton (D:5)
  A quokka zombie (D:7)
  12 rats
  4 plants
1393 creatures vanquished.

Vanquished Creatures (others)
  Josephine (Lair:8)
  An orc wizard (D:9)
  A bush (Lair:7)
  11 fungi
  A plant (Lair:8)
15 creatures vanquished.

Grand Total: 1408 creatures vanquished

Notes
Turn   | Place    | Note
--------------------------------------------------------------
     0 | D:1      | comborobin the Demigod Conjurer began the quest for the Orb.
     0 | D:1      | Reached XP level 1. HP: 14/14 MP: 5/5
   498 | D:1      | Reached skill level 2 in Spellcasting
   949 | D:2      | Found a glowing golden altar of the Shining One.
  1335 | D:2      | Reached XP level 2. HP: 20/20 MP: 5/7
  1352 | D:2      | Learned a level 2 spell: Searing Ray
  1537 | D:2      | Reached skill level 4 in Conjurations
  1608 | D:2      | Reached XP level 3. HP: 26/26 MP: 5/9
  1839 | D:2      | Found a white marble altar of Elyvilon.
  1972 | D:2      | Found a sparkling altar of Nemelex Xobeh.
  1972 | D:2      | Found a blossoming altar of Fedhas.
  2124 | D:2      | Reached XP level 4. HP: 33/33 MP: 2/10
  2202 | D:2      | Learned a level 3 spell: Dazzling Spray
  2213 | D:2      | Found a shattered altar of Ashenzari.
  2213 | D:2      | Found a burning altar of Makhleb.
  2823 | D:3      | Reached skill level 3 in Spellcasting
  3020 | D:3      | Reached skill level 5 in Conjurations
  3504 | D:3      | Noticed Sigmund
  3578 | D:4      | Reached XP level 5. HP: 38/38 MP: 5/13
  3642 | D:4      | Learned a level 4 spell: Iskenderun's Mystic Blast
  3757 | D:4      | Noticed a phantom
  3985 | D:4      | Noticed an ogre
  4001 | D:4      | Killed an ogre
  4001 | D:4      | Reached skill level 6 in Conjurations
  4001 | D:4      | Reached XP level 6. HP: 45/45 MP: 8/14
  4356 | D:3      | Noticed Robin
  4661 | D:3      | Killed Robin
  4907 | D:3      | Reached skill level 4 in Spellcasting
  4971 | D:3      | Noticed a big kobold
  5020 | D:3      | Noticed a big kobold
  5115 | D:3      | Killed a big kobold
  5176 | D:3      | Noticed a big kobold
  5224 | D:3      | Killed a big kobold
  5224 | D:3      | Reached XP level 7. HP: 48/50 MP: 4/16
  5229 | D:3      | Killed a big kobold
  5229 | D:3      | Reached skill level 7 in Conjurations
  5783 | D:3      | Learned a level 5 spell: Iskenderun's Battlesphere
  6313 | D:4      | Noticed a water elemental
  6315 | D:4      | Found a stormy altar of Qazlal.
  6317 | D:4      | Noticed a fire elemental
  6317 | D:4      | Noticed an air elemental
  6440 | D:4      | Reached skill level 1 in Charms
  6697 | D:4      | Killed a phantom
  6818 | D:5      | Entered Level 5 of the Dungeon
  6858 | D:5      | Noticed xgamer67's ghost (experienced TrHu)
  7253 | D:5      | Found Emuq's Distillery.
  7258 | D:5      | Bought a potion of haste for 150 gold pieces
  7258 | D:5      | Bought a potion of agility for 60 gold pieces
  7370 | D:5      | Killed Sigmund
  7370 | D:5      | Reached skill level 2 in Charms
  7370 | D:5      | Reached XP level 8. HP: 51/57 MP: 8/19
  7469 | D:5      | Reached skill level 5 in Spellcasting
  7469 | D:5      | Reached skill level 8 in Conjurations
  8156 | D:6      | Reached skill level 1 in Fighting
  8516 | D:6      | Reached skill level 3 in Charms
  8643 | D:6      | Reached skill level 2 in Fighting
  8823 | D:6      | Found a staircase to the Ecumenical Temple.
  8910 | D:6      | Reached skill level 9 in Conjurations
  9383 | D:6      | Noticed Duvessa
  9390 | D:6      | Noticed Dowan
  9390 | D:6      | Killed Duvessa
  9392 | D:6      | Killed Dowan
  9424 | D:6      | Reached skill level 3 in Fighting
  9539 | D:6      | Reached skill level 4 in Charms
  9539 | D:6      | Reached XP level 9. HP: 70/70 MP: 8/20
 10190 | D:7      | Reached skill level 4 in Fighting
 10733 | D:7      | Reached skill level 5 in Charms
 10797 | D:7      | Reached skill level 2 in Dodging
 11136 | D:7      | Reached skill level 5 in Fighting
 11345 | D:7      | Reached skill level 3 in Dodging
 11634 | D:7      | Got a jewelled trident
 11635 | D:7      | Identified the +11 trident "Bouti" {flame, +Blink rElec SInv} (You found it on level 7 of the Dungeon)
 11854 | D:8      | Reached skill level 2 in Stealth
 12060 | D:8      | Reached XP level 10. HP: 83/83 MP: 21/21
 12199 | D:8      | Reached skill level 4 in Dodging
 12229 | D:8      | Reached skill level 6 in Fighting
 12368 | D:8      | Reached skill level 3 in Stealth
 12681 | D:8      | Reached skill level 5 in Dodging
 12897 | D:8      | Got a heavily runed amber ring
 12898 | D:8      | Identified the ring of Sotopoc {+Inv +Fly rPois rF- Dex+3} (You found it on level 8 of the Dungeon)
 13454 | D:9      | Reached skill level 7 in Fighting
 13576 | D:9      | Found a staircase to the Lair.
 13659 | D:9      | Noticed xgamer67's ghost (experienced VSTm)
 13662 | D:9      | Killed xgamer67's ghost
 13662 | D:9      | Reached skill level 6 in Dodging
 14176 | D:9      | Reached skill level 8 in Fighting
 14306 | D:9      | Found a sacrificial altar of Ru.
 14752 | D:9      | Noticed a cyan ugly thing
 14771 | D:9      | Killed a cyan ugly thing
 14946 | D:9      | Reached XP level 11. HP: 90/95 MP: 22/22
 15036 | D:9      | Reached skill level 7 in Dodging
 15115 | D:10     | Entered Level 10 of the Dungeon
 15266 | D:10     | Noticed Restia's ghost (powerful DEFE)
 15938 | D:10     | Noticed an unseen horror
 15988 | D:9      | Killed an unseen horror
 15988 | D:9      | Reached skill level 9 in Fighting
 16067 | D:10     | Got a bound platinum ring
 16074 | D:9      | Identified the ring "Vyosos" {Ice Str+5} (You found it on level 10 of the Dungeon)
 16312 | D:9      | Reached skill level 8 in Dodging
 16851 | D:10     | Found Nyham's Armour Shop.
 16940 | D:10     | Killed Restia's ghost
 17758 | Lair:1   | Entered Level 1 of the Lair of Beasts
 18059 | Lair:1   | Reached skill level 10 in Fighting
 18256 | Lair:1   | Reached skill level 9 in Dodging
 19251 | Lair:2   | Reached skill level 6 in Spellcasting
 19504 | Lair:2   | Reached XP level 12. HP: 106/106 MP: 18/25
 20116 | Lair:2   | Reached skill level 10 in Dodging
 20579 | Lair:3   | Reached skill level 7 in Spellcasting
 20580 | Lair:3   | Found a frozen archway.
 20690 | IceCv    | Entered an ice cave
 21756 | IceCv    | Reached skill level 11 in Dodging
 21891 | IceCv    | Reached skill level 8 in Spellcasting
 22096 | IceCv    | Reached skill level 10 in Conjurations
 23629 | IceCv    | Noticed a frost giant
 24349 | IceCv    | Killed a frost giant
 24349 | IceCv    | Reached skill level 11 in Conjurations
 24399 | IceCv    | Reached XP level 13. HP: 61/113 MP: 2/30
 25753 | Lair:3   | Found a hole to the Spider Nest.
 26540 | Lair:4   | Reached skill level 12 in Conjurations
 28332 | D:11     | Learned a level 2 spell: Repel Missiles
 28335 | D:11     | Learned a level 2 spell: Swiftness
 29001 | D:11     | Reached skill level 6 in Charms
 29859 | D:12     | Found a staircase to the Orcish Mines.
 29970 | D:12     | Reached skill level 7 in Charms
 30926 | Orc:1    | Entered Level 1 of the Orcish Mines
 31961 | Orc:3    | Found a staircase to the Elven Halls.
 33200 | Orc:4    | Entered Level 4 of the Orcish Mines
 33352 | Orc:4    | Reached skill level 8 in Charms
 34836 | Orc:4    | Found Kooleuc's Food Boutique.
 34998 | Orc:4    | Found a roughly hewn altar of Beogh.
 35003 | Orc:4    | Found Kicoun's Antique Armour Shop.
 35149 | Orc:4    | Bought a pair of runed gloves for 99 gold pieces
 36019 | Orc:4    | Paralysed by an orc sorcerer for 5 turns
 37778 | Orc:4    | Bought a runed robe for 15 gold pieces
 37878 | Orc:4    | Noticed Saint Roka
 38098 | Lair:1   | Learned a level 6 spell: Poison Arrow
 38266 | Lair:5   | Reached skill level 1 in Poison Magic
 38543 | Lair:5   | Reached XP level 14. HP: 121/121 MP: 27/31
 38966 | Lair:5   | Reached skill level 2 in Poison Magic
 39579 | Lair:6   | Reached skill level 12 in Dodging
 40074 | Lair:6   | Reached skill level 3 in Poison Magic
 40225 | Lair:6   | Found a staircase to the Shoals.
 40706 | Lair:6   | Reached skill level 4 in Poison Magic
 41457 | Lair:6   | Reached skill level 5 in Poison Magic
 41972 | Lair:6   | Learned a level 1 spell: Apportation
 42693 | Lair:7   | Reached skill level 13 in Conjurations
 43241 | Lair:8   | Entered Level 8 of the Lair of Beasts
 43303 | Lair:8   | Reached skill level 6 in Poison Magic
 43304 | Lair:8   | Found a staircase to the Slime Pits.
 43365 | Lair:8   | Noticed Josephine
 43371 | Lair:8   | Killed Josephine
 46646 | D:13     | Reached skill level 14 in Conjurations
 46888 | D:13     | Found Mogoh's Antique Weapon Emporium.
 47123 | D:13     | Reached XP level 15. HP: 123/126 MP: 26/32
 47308 | D:13     | Noticed Rupert
 47702 | Orc:4    | Reached skill level 9 in Spellcasting
 48137 | Orc:4    | Killed Saint Roka
 48137 | Orc:4    | Reached skill level 7 in Poison Magic
 48967 | Orc:4    | Found Meotytoh's Weapon Boutique.
 48987 | Orc:4    | Found a roughly hewn altar of Beogh.
 49214 | Orc:4    | Found Ruahod's Distillery.
 49222 | Orc:4    | Bought a potion of brilliance for 68 gold pieces
 49222 | Orc:4    | Bought a potion of resistance for 170 gold pieces
 49222 | Orc:4    | Bought a potion of heal wounds for 85 gold pieces
 49222 | Orc:4    | Bought a potion of haste for 170 gold pieces
 49222 | Orc:4    | Bought a potion of agility for 68 gold pieces
 49222 | Orc:4    | Bought a potion of agility for 68 gold pieces
 49222 | Orc:4    | Bought a potion of invisibility for 136 gold pieces
 50528 | D:14     | Reached skill level 15 in Conjurations
 50712 | D:14     | Reached skill level 8 in Poison Magic
 51049 | D:14     | Found a portal to a secret trove of treasure.
 51838 | D:14     | Reached skill level 9 in Poison Magic
 52062 | D:14     | Found a gate to the Vaults.
 52703 | D:15     | Entered Level 15 of the Dungeon
 53670 | D:14     | Quit the game

Vault maps used:
D:1:      lightli_arrival_quake, lemuel_old_faithful
D:2:      grunt_temple_overflow_open, gammafunk_temple_overflow_elements,
          uniq_crazy_yiuf_cottage
D:3:      minmay_goblin_kobold_castle, first_bread, grunt_ministairs_9,
          uniq_sigmund, uniq_robin
D:4:      nicolae_qazlal_style_of_elements
D:5:      serial_shops, kennysheep_little_box, minmay_misc_feat_enclosed
D:6:      temple_pool_b, uniq_duvessa
D:7:      grunt_livestock
D:8:      nicolae_benzene_ring
D:9:      lemuel_coloured_pillars_altar, erik_lair_orcish_takeover
D:10:     minmay_goldmine, serial_undead, serial_undead_d, serial_undead_e,
          serial_undead_d, serial_undead_e, serial_undead_b, serial_undead_a,
          serial_undead_d, serial_undead_e, serial_undead_a, serial_undead_a,
          serial_shops, nicolae_shop_window_shopping
D:11:     nicolae_wwwww
D:12:     orc_0_dummy
D:13:     serial_shops, shop_fountains, minmay_splitting_lines, uniq_rupert
D:14:     hangedman_vaults_entry_quadrant_bands, enter_trove_2, serial_glass,
          glass_columns_c, glass_columns_a, statue_in_the_mist_lemuel,
          minivault_1
D:15:     grunt_enter_depths_magical_seal, hangedman_abyss_or_decor_passed
Lair:1:   st_stairs_6, serial_bayou_lake_a
Lair:3:   spider_nest_entry_webs, portal_ice_cave_entry_ice_beasts
Lair:6:   minmay_shoals_entry_hut
Lair:7:   columned_hall_lemuel, infiniplex_staircase_pool_2
Lair:8:   due_jungle_book, minmay_slime_entry_pillars, uniq_josephine
Orc:1:    mines_bat_river
Orc:3:    nicolae_orc_pool_cavern
Orc:4:    pubby_orc_utopia
IceCv:    ice_cave_caverns_01

Action                   |  1- 3 |  4- 6 |  7- 9 | 10-12 | 13-15 || total
-------------------------+-------+-------+-------+-------+-------++-------
Melee: Short sword       |    17 |    14 |    12 |       |       ||    43
       Trident           |       |       |    12 |   217 |   604 ||   833
Throw: Tomahawk          |     7 |       |       |       |       ||     7
 Cast: Magic Dart        |    40 |   114 |   234 |   334 |   721 ||  1443
       Searing Ray       |     6 |    24 |    44 |    98 |    44 ||   216
       Iskenderun's Batt |       |       |    28 |    93 |   194 ||   315
       Iskenderun's Myst |       |       |     2 |    52 |   374 ||   428
       Repel Missiles    |       |       |       |       |     4 ||     4
       Poison Arrow      |       |       |       |       |    40 ||    40
       Dazzling Spray    |       |       |       |       |     1 ||     1
  Use: Scroll            |       |     4 |     8 |     6 |    12 ||    30
       Potion            |       |       |       |       |     3 ||     3
 Stab: Sleeping          |       |     3 |     2 |     5 |     8 ||    18
       Distracted        |       |       |     1 |       |     6 ||     7
  Eat: Chunk             |     4 |    23 |    31 |    67 |   141 ||   266

Vault maps used:
D:1:      lightli_arrival_quake, lemuel_old_faithful
D:2:      grunt_temple_overflow_open, gammafunk_temple_overflow_elements,
          uniq_crazy_yiuf_cottage
D:3:      minmay_goblin_kobold_castle, first_bread, grunt_ministairs_9,
          uniq_sigmund, uniq_robin
D:4:      nicolae_qazlal_style_of_elements
D:5:      serial_shops, kennysheep_little_box, minmay_misc_feat_enclosed
D:6:      temple_pool_b, uniq_duvessa
D:7:      grunt_livestock
D:8:      nicolae_benzene_ring
D:9:      lemuel_coloured_pillars_altar, erik_lair_orcish_takeover
D:10:     minmay_goldmine, serial_undead, serial_undead_d, serial_undead_e,
          serial_undead_d, serial_undead_e, serial_undead_b, serial_undead_a,
          serial_undead_d, serial_undead_e, serial_undead_a, serial_undead_a,
          serial_shops, nicolae_shop_window_shopping
D:11:     nicolae_wwwww
D:12:     orc_0_dummy
D:13:     serial_shops, shop_fountains, minmay_splitting_lines, uniq_rupert
D:14:     hangedman_vaults_entry_quadrant_bands, enter_trove_2, serial_glass,
          glass_columns_c, glass_columns_a, statue_in_the_mist_lemuel,
          minivault_1
D:15:     grunt_enter_depths_magical_seal, hangedman_abyss_or_decor_passed
Lair:1:   st_stairs_6, serial_bayou_lake_a
Lair:3:   spider_nest_entry_webs, portal_ice_cave_entry_ice_beasts
Lair:6:   minmay_shoals_entry_hut
Lair:7:   columned_hall_lemuel, infiniplex_staircase_pool_2
Lair:8:   due_jungle_book, minmay_slime_entry_pillars, uniq_josephine
Orc:1:    mines_bat_river
Orc:3:    nicolae_orc_pool_cavern
Orc:4:    pubby_orc_utopia
IceCv:    ice_cave_caverns_01

Table legend:
 A = Turns spent in this place as a percentage of turns spent in the entire game.
 B = Non-inter-level travel turns spent in this place as a percentage of non-inter-level travel turns spent in the entire game.
 C = Inter-level travel turns spent in this place as a percentage of turns spent in this place.
 D = Turns resting spent in this place as a percentage of non-inter-level travel turns spent in this place.
 E = Turns spent auto-exploring this place as a percentage of non-inter-level travel turns spent in this place.
 F = Non-inter-level travel turns spent in this place divided by the number of levels of this place that you've seen.
                   A       B       C       D       E      F
               +-------+-------+-------+-------+-------+----------------------
         Total | 100.0 | 100.0 |   0.6 |   9.9 |   5.1 | 479.2
       Dungeon |  42.4 |  42.3 |   0.7 |  12.0 |   7.4 | 378.7
          Lair |  22.9 |  22.9 |   0.8 |   7.3 |   6.2 | 383.2
  Orcish Mines |  22.6 |  22.6 |   0.7 |  10.4 |   2.4 | 758.0
      Ice Cave |  12.1 |  12.2 |   0.0 |   6.8 |   0.4 | 1638.0
               +-------+-------+-------+-------+-------+----------------------

Table legend:
 A = Kills in this place as a percentage of kills in entire the game.
 B = Kills by you in this place as a percentage of kills by you in the entire game.
 C = Kills by friends in this place as a percentage of kills by friends in the entire game.
 D = Other kills in this place as a percentage of other kills in the entire game.
 E = Experience gained in this place as a percentage of experience gained in the entire game.
 F = Experience gained in this place divided by the number of levels of this place that you have seen.
                   A       B       C       D       E      F
               +-------+-------+-------+-------+-------+----------------------
         Total | 100.0 | 100.0 |  -nan | 100.0 | 100.0 | 5897.9
       Dungeon |  44.9 |  44.9 |  -nan |  50.0 |  37.1 | 4086.2
          Lair |  20.3 |  20.2 |  -nan |  50.0 |  35.2 | 7266.4
  Orcish Mines |  30.8 |  30.8 |  -nan |   0.0 |  18.2 | 7495.5
      Ice Cave |   4.0 |   4.0 |  -nan |   0.0 |   9.5 | 15735.0
               +-------+-------+-------+-------+-------+----------------------
